 Dungeon Crawl Stone Soup version 0.27-a0-887-gcab673c142 (webtiles) character file.

Game seed: 15764865461359765218

39439 Mirajane the Unseen (level 13, -9/70 HPs)
             Began as a Felid Enchanter on Apr 4, 2021.
             Was the Champion of Ashenzari.
             Shot with an arrow by a naga sharpshooter (21 damage)
             ... on level 4 of the Snake Pit.
             The game lasted 02:46:33 (34447 turns).

Mirajane the Unseen (Felid Enchanter)              Turns: 34447, Time: 02:46:34

Health: -9/70      AC:  3    Str:  4    XL:     13   Next: 69%
Magic:  31/33      EV: 31    Int: 22    God:    Ashenzari [******]
Gold:   1098       SH:  0    Dex: 18    Spells: 15/43 levels left
                                        Lives:  0   Deaths: 3

rFire    + . .     SeeInvis +     - Unarmed
rCold    + . .     Faith    .   (shield unavailable)
rNeg     . . .     Spirit   .   (armour unavailable)
rPois    +         Reflect  .   (helmet unavailable)
rElec    .         Harm     .   (cloak unavailable)
rCorr    .         Rampage  .   (gloves unavailable)
Will     +....     Clarity  +   (boots unavailable)
Stlth    ++++++++..             q - amulet of the Oracular Seeker {Regen+, Comp, Self} (curse)
HPRegen  1.21/turn              L - ring of the Shackled Regret {rPois, Self, Elem} (curse)
MPRegen  0.23/turn              p - ring of the Fated Oracle {rF+, Cun, Elem} (curse)

@: confusing by touch, quick
A: very small, claws 1, fangs 3, see invisible, speed 1, shaggy fur 3, stealthy
paws, no weapons or thrown items, no armour, multi-lived
a: Renounce Religion, Shatter the Chains


You were on level 4 of the Snake Pit.
You worshipped Ashenzari.
Ashenzari was exalted by your worship.
You visited 5 branches of the dungeon, and saw 27 of its levels.

You collected 2261 gold pieces.
You spent 1163 gold pieces at shops.

Inventory:

Jewellery
 i - a ring of willpower
 j - a ring of resist corrosion
 p - the cursed ring of the Fated Oracle (right paw) {rF+, Cun, Elem}
   (You found it on level 5 of the Dungeon)

   [ring of protection from fire]

   It protects you from fire.
   It has a curse which improves the following skills: Cunning: Dodging and
   Stealth.
   Elements:  Fire Magic, Ice Magic, Air Magic and Earth Magic.
 q - the cursed amulet of the Oracular Seeker (around neck) {Regen+, Comp, Self}
   (You took it off a gnoll on level 4 of the Dungeon)

   [amulet of regeneration]

   It increases your rate of health regeneration.
   It has a curse which improves the following skills: Companions: Summonings
   and Necromancy.
   Introspection: Fighting and Spellcasting.
 z - a ring of wizardry
 E - an amulet of the acrobat
 H - a ring of willpower
 I - a +6 ring of strength
 L - the cursed ring of the Shackled Regret (left paw) {rPois, Self, Elem}
   (You found it on level 10 of the Dungeon)

   [ring of poison resistance]

   It protects you from poison.
   It has a curse which improves the following skills: Introspection: Fighting
   and Spellcasting.
   Elements:  Fire Magic, Ice Magic, Air Magic and Earth Magic.
 P - a ring of positive energy
Wands
 f - a wand of mindburst (12)
 t - a wand of flame (30)
 w - a wand of random effects (32)
 K - a wand of paralysis (5)
 M - a wand of digging (8)
 O - a wand of polymorph (17)
 Q - a wand of acid (15)
 R - a wand of iceblast (7)
Scrolls
 a - 8 scrolls of teleportation
 d - 2 scrolls of blinking
 g - 5 scrolls of immolation
 h - 4 scrolls of fog
 l - 3 scrolls of amnesia
 m - 4 scrolls of magic mapping
 o - 2 scrolls of holy word
 s - a scroll of torment
 y - 2 scrolls of vulnerability
 C - 2 scrolls of summoning
 N - a scroll of fear
Potions
 b - 6 potions of flight
 c - 11 potions of curing {@q1}
 e - 5 potions of brilliance
 n - a potion of invisibility
 r - 2 potions of attraction
 u - 4 potions of might
 v - 2 potions of cancellation
 x - 2 potions of magic
 A - a potion of berserk rage
 B - 2 potions of mutation
 D - 3 potions of lignification
 F - a potion of haste
 J - 3 potions of ambrosia
Miscellaneous
 G - a lightning rod (4/4)
 S - a phantom mirror


   Skills:
 + Level 12.1(16.2) Fighting
 + Level 15.4(17.9) Dodging
 + Level 16.6(19.1) Stealth
 - Level 11.3 Unarmed Combat
 + Level 11.4(15.6) Spellcasting
 + Level 4.1 Conjurations
 - Level 12.0 Hexes
 + Level 4.0(8.2) Earth Magic


You had 15 spell levels left.
You knew the following spells:

 Your Spells              Type           Power      Damage    Failure   Level
a - Corona                Hex            70%        N/A       1%          1
b - Ensorcelled Hibernat  Hex/Ice        90%        N/A       1%          2
c - Confusing Touch       Hex            63%        N/A       1%          3
d - Tukima's Dance        Hex            63%        N/A       1%          3
e - Cause Fear            Hex            31%        N/A       1%          4
f - Slow                  Hex            63%        N/A       1%          2
g - Silence               Hex/Air        22%        N/A       7%          5
h - Iron Shot             Conj/Erth      22%        9d5       38%         6
i - Blink                 Tloc           N/A        N/A       5%          2

Your spell library contained the following spells:

 Spells                   Type           Power      Damage    Failure   Level
 Magic Dart               Conj           100%       1d8       1%          1
 Dazzling Flash           Conj/Hex       100%       N/A       1%          3
 Inner Flame              Hex/Fire       45%        N/A       1%          3
 Leda's Liquefaction      Hex/Erth       29%        N/A       1%          4
 Freeze                   Ice            80%        1d9       2%          1
 Conjure Flame            Conj/Fire      27%        6-21      3%          3
 Call Imp                 Summ           19%        N/A       4%          2
 Corpse Rot               Necr/Air       N/A        N/A       4%          2
 Sublimation of Blood     Necr           9%         N/A       4%          2
 Mephitic Cloud           Conj/Pois/Air  24%        N/A       5%          3
 Frozen Ramparts          Ice            40%        1d6       8%          3
 Ozocubu's Armour         Ice            20%        N/A       8%          3
 Hailstorm                Conj/Ice       27%        3d7       13%         4
 Bolt of Magma            Conj/Fire/Erth 18%        4d10      16%         5
 Borgnjor's Vile Clutch   Necr/Erth      18%        N/A       16%         5
 Iskenderun's Battlesphe  Conj           35%        2d9       17%         5
 Summon Ice Beast         Ice/Summ       19%        N/A       26%         4
 Dispel Undead            Necr           19%        3d11      28%         4
 Lightning Bolt           Conj/Air       13%        1d27      34%         5
 Agony                    Necr           19%        N/A       63%         5
 Starburst                Conj/Fire      13%        8x6d6     89%         6
 Freezing Cloud           Conj/Ice/Air   12%        6-21      94%         6
 Shadow Creatures         Summ           N/A        N/A       99%         6
 Orb of Destruction       Conj           17%        9d8       99%         7
 Spellforged Servitor     Conj/Summ      13%        N/A       100%        7
 Portal Projectile        Hex/Tloc       Unusable   N/A       N/A         3
 Animate Armour           Summ/Erth      Unusable   N/A       N/A         4
 Excruciating Wounds      Necr           Unusable   N/A       N/A         5

Dungeon Overview and Level Annotations

Branches:
Dungeon (14/15)            Temple (1/1) D:4            Lair (6/6) D:8
 Shoals (0/4) Lair:3        Snake (4/4) Lair:2        Slime (0/5) Lair:6
    Orc (2/2) D:9             Elf (0/3) Orc:2
 Vaults: D:13-14

Altars:
Ashenzari
Cheibriados
Dithmenos
Elyvilon
Fedhas
Gozag
Hepliaklqana
Kikubaaqudgha
Makhleb
Nemelex Xobeh
Okawaru
Qazlal
Ru
Sif Muna
Trog
Uskayaw
Vehumet
Wu Jian
Xom
Yredelemnul
Zin
The Shining One
Beogh

Shops:
Orc:2 :[[*

Annotations:
D:3 exclusion: downstairs
D:5 exclusions: centaur and skeleton, Sigmund
D:7 exclusions: centaur and 1 more exclusion, Dowan, Duvessa, Grum, Harold
D:10 3 runed translucent doors, Mandevil's ghost, novice DjIE
D:13 exclusions: downstairs and 1 more exclusion
Lair:1 3 runed translucent doors, exclusions: blink frog and 1 more exclusion, Gilette's ghost, novice DECj; Nergalle
Lair:6 Kirke
Snake:1 Aizul; Donald
Snake:2 exclusion: upstairs
Snake:3 2 transporters, exclusion: orange crystal statue
Snake:4 Bai Suzhen


Innate Abilities, Weirdness & Mutations

You have sharp claws.
You have razor-sharp teeth.
You have supernaturally acute eyesight. (SInv)
You cover ground quickly. (Speed+)
Your thick and shaggy fur keeps you warm. (AC +3, rC+)
Your stealthy paws help you sneak and pounce on unaware monsters.
You are incapable of wielding weapons or throwing items.
You cannot wear armour.
You gain extra lives every three experience levels.


Message History

The naga sharpshooter magically shoots an arrow.
The arrow misses you.
The naga sharpshooter mumbles some strange words.
The naga sharpshooter magically shoots an arrow.
The arrow hits you!
You are too injured to fight recklessly!
You are too injured to fight recklessly!
You scratch the naga sharpshooter but do no damage.
The naga sharpshooter mumbles some strange words.
The naga sharpshooter magically shoots an arrow.
The arrow barely misses you.
You scratch the naga sharpshooter but do no damage.
You scratch the naga sharpshooter but do no damage.
The naga sharpshooter appears confused.
The naga sharpshooter mumbles some strange words.
The naga sharpshooter gestures wildly while chanting.
The naga sharpshooter magically shoots an arrow.
The arrow completely misses you.
The naga sharpshooter unwields a +0 shortbow.
The naga sharpshooter wields a +0 halberd.
The naga sharpshooter completely misses you.
You barely miss the naga sharpshooter. You claw the naga sharpshooter.
You bite the naga sharpshooter.
The naga sharpshooter is lightly wounded.
You claw the naga sharpshooter!
You claw the naga sharpshooter, but do no damage.
The naga sharpshooter is lightly wounded.
You pounce on the helpless naga sharpshooter from behind!
You eviscerate the naga sharpshooter!!!
The naga sharpshooter is almost dead.
The naga sharpshooter completely misses you.
You claw the naga sharpshooter!
You kill the naga sharpshooter!
The naga sharpshooter shoots an arrow.
The arrow hits you!
Casting: Confusing Touch (safe; 1% risk of failure)
Confirm with . or Enter, or press ? or * to list all spells.
Your paws begin to glow red.
The naga sharpshooter spits poison at you.
The splash of poison misses you.
The naga sharpshooter shoots an arrow.
The arrow hits you!!
* * * LOW HITPOINT WARNING * * *
Things that are here:
a +0 halberd; a +0 shortbow; 18 arrows You completely miss the naga sharpshooter.
The naga sharpshooter spits poison at you.
The splash of poison misses you.
You scratch the naga sharpshooter but do no damage.
You closely miss the naga sharpshooter.
The naga sharpshooter shoots an arrow.
The arrow hits you!!
You die...

##...########.....###
####.....####.....###
########..........###
#############.....###
#############.....###
#############)....###
#############..)..###
################.####
..............##@####
##########......N####
##########.###...####
#########^.###...####
#########.####...####
.. *####.###....####
.####..#......####
,∆, ...#.#..##...####
, ^ ##.#.#.###...####


You could see a naga sharpshooter (catching breath).

Vanquished Creatures
  Jorgrun (Orc:2)
  Rupert (Snake:1)
  A nagaraja (Snake:2)
  Snorg (Orc:2)
  3 naga warriors
  2 boulder beetles
  Erolcha (D:9)
  7 anacondas
  A merfolk avatar (Lair:6)
  9 hydras
  2 two-headed ogres
  4 death yaks
  Urug (D:11)
  2 tengu warriors
  Sonja (Orc:2)
  9 naga sharpshooters
  A sea snake (Lair:6)
  A salamander mystic (Snake:4)
  3 orc knights
  A deep elf pyromancer (D:13)
  3 ugly things (D:12)
  6 mana vipers
  3 manticores
  4 cyclopes
  7 salamanders
  An elephant (Lair:6)
  2 guardian serpents (Snake:2)
  Joseph (Lair:1)
  3 naga magi
  16 black mambas
  14 cane toads
  Psyche (D:8)
  An unseen horror (D:11)
  7 rime drakes
  15 komodo dragons
  2 tengu conjurers
  6 polar bears
  4 trolls
  3 meliai
  A wind drake (Lair:6)
  2 hornets
  18 blink frogs
  A meliai zombie (D:11)
  A vampire (D:14)
  3 shadows
  A wraith (D:13)
  5 wyverns
  52 yaks
  3 spriggans (Lair:3)
  2 basilisks
  A steam dragon (D:7)
  16 vampire mosquitoes
  19 nagas
  2 wargs
  2 acid dragons
  18 water moccasins
  2 ice beasts
  2 swamp drakes (Lair:4)
  23 orc warriors
  3 ogres
  A black bear (D:7)
  20 wolves
  14 centaurs
  2 phantoms (D:9)
  2 kobold brigands
  11 bullfrogs
  3 scorpions
  A water moccasin zombie (D:6)
  A water moccasin skeleton (D:4)
  A troll zombie (D:9)
  7 killer bees
  3 wights (D:8)
  4 howler monkeys
  3 centaur zombies
  2 jellies
  A bullfrog skeleton (D:5)
  5 orc priests
  3 gnoll shamans
  4 iguanas
  10 orc wizards
  6 ogre zombies (D:9)
  8 gnolls
  7 adders
  An ufetubus (D:6)
  An adder zombie (D:5)
  69 orcs
  4 ball pythons
  10 endoplasms
  6 giant cockroaches
  5 goblins
  7 hobgoblins
  6 jackals (D:1)
  3 quokkas
  7 bats
  6 frilled lizards
  2 goblin skeletons (D:9)
  3 goblin zombies (D:9)
  2 hobgoblin skeletons (D:9)
  2 hobgoblin zombies (D:9)
  18 kobolds
  An orc skeleton (D:9)
  12 orc zombies (D:9)
  5 rats
617 creatures vanquished.

Vanquished Creatures (collateral kills)
  2 two-headed ogres
  A salamander mystic (Snake:3)
  An orc knight (Orc:2)
  2 naga ritualists
  A salamander (Snake:1)
  3 naga magi (Snake:3)
  3 nagas
  9 orc warriors
  An ogre (D:5)
  A centaur (Orc:2)
  2 wights (D:8)
  An orc wizard (Orc:2)
  4 gnolls
  11 orcs
42 creatures vanquished.

Vanquished Creatures (others)
  3 yaks (Lair:6)
  22 dancing weapons
  2 orc warriors (Orc:2)
  2 wolves (Lair:6)
  65 fungi
  114 plants
208 creatures vanquished.

Grand Total: 867 creatures vanquished

Notes
Turn   | Place    | Note
-------+----------+-------------------------------------------
     0 | D:1      | Mirajane the Felid Enchanter began the quest for the Orb.
     0 | D:1      | Reached XP level 1. HP: 7/7 MP: 4/4
   802 | D:1      | Found a faded altar of an unknown god.
   861 | D:1      | Reached XP level 2. HP: 11/11 MP: 4/6
   864 | D:1      | Learned a level 2 spell: Ensorcelled Hibernation
  1521 | D:1      | Reached XP level 3. HP: 15/15 MP: 1/7
  1525 | D:1      | Learned a level 3 spell: Confusing Touch
  3230 | D:2      | Reached skill level 1 in Fighting
  3353 | D:2      | You fall into a shaft and drop 2 floors!
  3670 | D:3      | Reached skill level 5 in Hexes
  3889 | D:3      | Reached XP level 4. HP: 19/19 MP: 8/8
  3941 | D:3      | Found a sparkling altar of Nemelex Xobeh.
  4878 | D:4      | Noticed an ice beast
  5108 | D:4      | Noticed a scorpion
  5302 | D:4      | Reached skill level 5 in Stealth
  5302 | D:4      | Reached XP level 5. HP: 19/22 MP: 5/9
  5490 | D:4      | Learned a level 3 spell: Tukima's Dance
  5521 | D:4      | Found a staircase to the Ecumenical Temple.
  5531 | Temple   | Entered the Ecumenical Temple
  5631 | Temple   | Became a worshipper of Ashenzari the Shackled
  5697 | D:5      | Entered Level 5 of the Dungeon
  6084 | D:5      | Noticed Sigmund
  6092 | D:5      | Found a snail-covered altar of Cheibriados.
  6092 | D:5      | Found a hazy altar of Hepliaklqana.
  6094 | D:5      | Found a blossoming altar of Fedhas.
  6094 | D:5      | Found an iron altar of Okawaru.
  6094 | D:5      | Found a shimmering blue altar of Sif Muna.
  6094 | D:5      | Found an opulent altar of Gozag.
  6095 | D:5      | Found a basalt altar of Yredelemnul.
  6171 | D:5      | Noticed a black bear
  6202 | D:5      | Noticed a centaur
  6203 | D:5      | Noticed an ogre
  6422 | D:4      | Identified the +4 hunting sling of Sunlight {flame, Dex+4}
  6484 | D:4      | Gained mutation: You are covered in thick fur. (AC +2)
                  | [Felid growth]
  6484 | D:4      | Reached XP level 6. HP: 25/26 MP: 5/11
  7982 | D:4      | Killed an ice beast
  7983 | D:4      | Reached skill level 6 in Stealth
  7983 | D:4      | Reached XP level 7. HP: 16/30 MP: 9/12
  8036 | D:5      | Reached skill level 5 in Dodging
  8807 | D:6      | Noticed a shadow
  8876 | D:6      | Killed a shadow
  9060 | D:6      | Reached XP level 8. HP: 34/34 MP: 11/14
  9806 | D:7      | Reached skill level 7 in Stealth
  9856 | D:7      | Found a glowing silver altar of Zin.
 10097 | D:7      | Found a white marble altar of Elyvilon.
 10114 | D:7      | Noticed Duvessa
 10114 | D:7      | Noticed Dowan
 10247 | D:7      | Noticed Harold
 10249 | D:7      | HP: 1/36 [Harold/harpoon shot (15)]
 10253 | D:7      | Killed from afar by Harold
 10254 | D:7      | Reached XP level 7. HP: 0/31 MP: 12/14
 10321 | D:8      | Learned a level 4 spell: Cause Fear
 10357 | D:8      | Noticed Psyche
 10368 | D:8      | Noticed Grum
 10549 | D:8      | Found a staircase to the Lair.
 10795 | D:8      | Reached XP level 8. HP: 36/36 MP: 1/15
 11341 | Lair:1   | Entered Level 1 of the Lair of Beasts
 11364 | Lair:1   | Noticed Nergalle
 11398 | Lair:1   | Reached skill level 8 in Stealth
 11405 | Lair:1   | Noticed a komodo dragon
 11462 | Lair:1   | Killed a komodo dragon
 11463 | Lair:1   | Reached skill level 5 in Unarmed Combat
 11535 | Lair:1   | Noticed a blink frog
 11576 | Lair:1   | Reached skill level 5 in Spellcasting
 11610 | Lair:1   | Noticed a blink frog
 11617 | Lair:1   | Noticed a komodo dragon
 11742 | Lair:1   | Found a runed translucent gate.
 11743 | Lair:1   | Found a runed translucent gate.
 11743 | Lair:1   | Noticed an 11-headed hydra
 11743 | Lair:1   | Noticed Gilette's ghost (novice DECj)
 11744 | Lair:1   | Found a runed translucent gate.
 11746 | Lair:1   | Noticed a ten-headed hydra
 11773 | Lair:1   | Reached skill level 5 in Fighting
 11773 | Lair:1   | Reached XP level 9. HP: 40/40 MP: 17/17
 11865 | Lair:1   | Noticed Joseph
 12056 | Lair:2   | Noticed a komodo dragon
 12442 | Lair:1   | Killed Joseph
 12550 | Lair:1   | Reached skill level 9 in Stealth
 12656 | Lair:2   | Noticed a cane toad
 12663 | Lair:2   | Killed a cane toad
 12897 | Lair:2   | Found a staircase to the Snake Pit.
 12953 | Lair:2   | Reached XP level 10. HP: 45/45 MP: 8/19
 13144 | Lair:2   | Reached * piety under Ashenzari
 13144 | Lair:2   | Reached ** piety under Ashenzari
 13249 | Lair:2   | Reached skill level 10 in Hexes
 13489 | Lair:2   | Noticed an eight-headed hydra
 13634 | Lair:2   | Reached skill level 10 in Stealth
 14402 | Lair:3   | Reached *** piety under Ashenzari
 14402 | Lair:3   | Reached **** piety under Ashenzari
 14663 | Lair:3   | Noticed a cane toad
 14672 | Lair:3   | Killed a cane toad
 14673 | Lair:3   | Reached XP level 11. HP: 53/53 MP: 16/25
 14770 | Lair:3   | Noticed a seven-headed hydra
 15032 | Lair:3   | Found a staircase to the Shoals.
 15395 | Lair:4   | Reached skill level 10 in Dodging
 15459 | Lair:4   | Reached skill level 11 in Stealth
 15624 | Lair:4   | Noticed a six-headed hydra
 17022 | Lair:5   | Noticed a seven-headed hydra
 17093 | Lair:5   | Noticed an eight-headed hydra
 17358 | Lair:5   | Gained mutation: Your thick and shaggy fur keeps you warm.
                  | (AC +3, rC+) [Felid growth]
 17358 | Lair:5   | Reached XP level 12. HP: 51/58 MP: 14/27
 17363 | Lair:5   | Reached skill level 12 in Stealth
 18049 | Lair:6   | Entered Level 6 of the Lair of Beasts
 18119 | Lair:6   | Noticed a death yak
 18119 | Lair:6   | Noticed a death yak
 18166 | Lair:6   | Learned a level 2 spell: Slow
 18325 | Lair:6   | Found a staircase to the Slime Pits.
 18639 | Lair:6   | Noticed Kirke
 18870 | Lair:6   | Noticed a six-headed hydra
 19136 | Lair:5   | Reached skill level 13 in Stealth
 19212 | Lair:5   | Paralysed by a hornet for 2 turns
 19430 | Lair:6   | Noticed an eight-headed hydra
 19442 | Lair:5   | Killed a seven-headed hydra
 19494 | Lair:5   | Killed an eight-headed hydra
 19673 | Lair:6   | Noticed a merfolk avatar
 19861 | Lair:5   | Killed a six-headed hydra
 20013 | Lair:6   | Reached XP level 13. HP: 63/63 MP: 19/29
 21157 | Lair:6   | Identified the Collected Works on Icy Conjuration
 21643 | Lair:6   | Reached skill level 10 in Unarmed Combat
 21758 | Lair:4   | Reached skill level 10 in Fighting
 21758 | Lair:4   | Reached skill level 14 in Stealth
 22259 | D:8      | Killed Psyche
 22625 | D:9      | Noticed Erolcha
 23459 | D:9      | Found a staircase to the Orcish Mines.
 23522 | D:9      | Killed Erolcha
 23575 | Orc:1    | Entered Level 1 of the Orcish Mines
 24452 | Orc:2    | Entered Level 2 of the Orcish Mines
 24501 | Orc:2    | Noticed Jorgrun
 24550 | Orc:2    | Noticed Sonja
 24621 | D:10     | Entered Level 10 of the Dungeon
 24985 | D:10     | Found a runed translucent gate.
 24985 | D:10     | Found a runed translucent gate.
 24985 | D:10     | Found a runed translucent gate.
 24986 | D:10     | Noticed Mandevil's ghost (novice DjIE)
 25597 | D:10     | Reached ***** piety under Ashenzari
 25597 | D:10     | Reached ****** piety under Ashenzari
 26006 | D:11     | Noticed Urug
 26021 | D:11     | Killed Urug
 26022 | D:11     | Reached skill level 10 in Spellcasting
 26204 | D:12     | Reached XP level 14. HP: 43/72 MP: 19/33
 26721 | D:12     | Reached skill level 15 in Stealth
 27812 | D:14     | Found a bloodstained altar of Trog.
 28113 | Orc:2    | Killed Sonja
 29135 | Orc:1    | Learned a level 5 spell: Silence
 29157 | Orc:2    | Killed Jorgrun
 29211 | Orc:2    | Noticed Snorg
 29229 | Orc:2    | Found a staircase to the Elven Halls.
 29424 | Orc:2    | Found Zafaynwe's Antique Armour Shoppe.
 29424 | Orc:2    | Found Bixoig's Antique Armour Shop.
 29426 | Orc:2    | Found Cask's Book Boutique.
 29427 | Orc:2    | Found Iho Haup's Assorted Antiques.
 29435 | Orc:2    | Bought a scroll of fog for 52 gold pieces
 29435 | Orc:2    | Bought a scroll of blinking for 195 gold pieces
 29435 | Orc:2    | Bought a wand of digging (7) for 208 gold pieces
 29435 | Orc:2    | Bought a scroll of teleportation for 78 gold pieces
 29440 | Orc:2    | Bought a book of Power for 630 gold pieces
 29453 | Orc:2    | Learned a level 6 spell: Iron Shot
 29921 | Orc:2    | Killed Snorg
 30497 | Lair:2   | Reached skill level 1 in Conjurations
 30497 | Lair:2   | Reached skill level 1 in Earth Magic
 30580 | Snake:1  | Entered Level 1 of the Snake Pit
 30604 | Snake:1  | Noticed Donald
 30995 | Snake:1  | Noticed Rupert
 31145 | Snake:1  | Paralysed by Rupert for 3 turns
 31204 | Snake:1  | Killed Rupert
 31393 | Snake:1  | Noticed Aizul
 31423 | Snake:2  | Noticed a nagaraja
 31426 | Snake:2  | Killed a nagaraja
 31427 | Snake:2  | Reached XP level 15. HP: 78/78 MP: 35/35
 31530 | Snake:2  | Reached skill level 16 in Stealth
 32258 | Snake:2  | Reached skill level 15 in Dodging
 32542 | Snake:3  | Noticed a nagaraja
 32545 | Snake:3  | Identified the amulet of Tiplerihe {Reflect Will++ Dex+2
                  | SH+5 SInv Stlth-}
 32545 | Snake:3  | Found a transporter.
 32545 | Snake:3  | Found a transporter.
 33672 | Snake:4  | Entered Level 4 of the Snake Pit
 33678 | Snake:4  | Killed from afar by a salamander tyrant
 33679 | Snake:4  | Reached XP level 14. HP: -10/75 MP: 34/34
 33687 | Snake:4  | Noticed Bai Suzhen
 34001 | Snake:4  | Noticed a nagaraja
 34246 | Snake:4  | Learned a level 2 spell: Blink
 34405 | Snake:4  | HP: 3/75 [naga sharpshooter/bolt (24)]
 34406 | Snake:4  | Shot with a bolt by a naga sharpshooter
 34407 | Snake:4  | Reached XP level 13. HP: -17/70 MP: 32/33
 34447 | Snake:4  | Shot with an arrow by a naga sharpshooter

Illustrated notes

Levels and vault maps discovered:
D:1:      lightli_arrival_quake, layout_basic, basic_ecumenical_altar,
          corexii_item_surrounded_by_moat, solitary_fountain, minmay_hedge_maze
D:2:      layout_basic, amethyst_killhole
D:3:      layout_basic, nemelex_diamond_rough_becter, serial_bayou_crossing
D:4:      layout_rooms, minmay_temple_entry_statues_pillars, wad_floor_pattern_1
D:5:      layout_loops_ring, grunt_temple_overflow_open, minmay_door_square,
          uniq_sigmund
D:6:      layout_layer_cave
D:7:      layout_rooms, zin_statuary, lemuel_tele_altar,
          uniq_crazy_yiuf_cottage, uniq_harold, uniq_duvessa
D:8:      layout_gridville, dpeg_oklobed_lair, nicolae_ossuary_entry_monument,
          uniq_psyche, uniq_grum
D:9:      layout_long_grid, zombieorc2_lemuel, uniq_erolcha
D:10:     layout_roguey [special_room_orc], gammafunk_ghost_spectres,
          minmay_liquid_box
D:11:     layout_loops_ring, uniq_urug
D:12:     layout_rooms, grunt_decor_fettered
D:13:     layout_cave_pods, erik_vaults_1
D:14:     lemuel_ice_statue, layout_long_grid, trog_three_pillars_becter,
          ice2_lemuel
Temple:   nicolae_temple_hex_pool
Lair:1:   layout_chaotic_city, gammafunk_ghost_hydra_chop, lemuel_fruit_tree,
          uniq_joseph, uniq_nergalle
Lair:2:   beast_lair_carwin_large_2, layout_regular_city,
          guppyfry_snake_entry_island
Lair:3:   layout_chaotic_city, elwin_shoals_entry_rocks, wad_woods_02
Lair:4:   layout_gridlike, pond
Lair:5:   layout_small_grid, serial_bayou_shore_a, infiniplex_staircase_pool_2,
          grunt_megastairs_3
Lair:6:   gammafunk_lair_ancient_temple, layout_gridlike,
          nicolae_slime_entry_slimehenge, uniq_kirke
Snake:1:  layout_basic, uniq_donald, uniq_aizul, uniq_rupert
Snake:2:  layout_misc_corridors, uniq_vashnia
Snake:3:  gammafunk_sealed_arena, layout_onion_interference
Snake:4:  grunt_snake_rune_pools, layout_rooms, minmay_shop_enchanted_jewellery,
          uniq_bai_suzhen
Orc:1:    layout_diamond_mine, basic_altar, minmay_orc_barracks
Orc:2:    st_orc_rangers, layout_caves, uniq_jorgrun, uniq_sonja, uniq_snorg

Skill      XL: |  1  2  3  4  5  6  7  8  9 10 11 12 13 14 15 |
---------------+----------------------------------------------+-----
Dodging        | 3 4 5 7 8 9 10 12 13 14 15 | 15.4
Fighting       | 1 2 4 5 6 7 8 9 10 12 | 12.1
Hexes          | 5 6 8 9 10 12 | 12.0
Stealth        | 5 6 8 9 10 11 13 14 15 16 | 16.6
Unarmed Combat | 2 3 5 6 7 8 9 10 11 | 11.3
Spellcasting   | 3 5 6 7 8 10 11 | 11.4
Conjurations   | 4 3 |  4.1
Earth Magic    | 4 3 |  4.0

Action                   |  1- 3 |  4- 6 |  7- 9 | 10-12 | 13-15 || total
-------------------------+-------+-------+-------+-------+-------++-------
Melee: Unarmed           |   119 |   103 |   286 |   662 |  1312 ||  2482
       Bite              |    14 |    12 |    46 |    72 |   115 ||   259
       Punch             |       |     3 |     3 |    18 |    54 ||    78
 Cast: Corona            |    12 |       |       |     1 |    14 ||    27
       Ensorcelled Hiber |    54 |    47 |    46 |    63 |    67 ||   277
       Confusing Touch   |       |    14 |    39 |   126 |   238 ||   417
       Tukima's Dance    |       |    11 |    12 |     1 |    98 ||   122
       Cause Fear        |       |       |     1 |     2 |    18 ||    21
       Slow              |       |       |       |     3 |     2 ||     5
       Silence           |       |       |       |       |     1 ||     1
Invok: Curse Item        |       |       |       |     2 |     1 ||     3
Evoke: Wand              |       |       |       |       |     3 ||     3
  Use: Potion            |       |       |       |     1 |     4 ||     5
       Scroll            |       |       |       |       |     5 ||     5
 Stab: Sleeping          |    36 |    24 |    23 |    34 |    68 ||   185
       Confused          |       |     8 |    39 |   121 |   197 ||   365
       Distracted        |       |       |     1 |       |     6 ||     7
Armor: Skin              |     9 |     1 |     8 |    10 |    36 ||    64
Dodge: Dodged            |    81 |    67 |   257 |   481 |  1243 ||  2129

Table legend: (Time is in decaauts)
 A = Elapsed time spent in this place.
 B = Non-inter-level travel time spent in this place.
 C = Inter-level travel time spent in this place.
 D = Time resting spent in this place.
 E = Time spent auto-exploring this place.
 F = Levels seen in this place.
 G = Mean time per level.
                   A        B        C        D        E       F      G
               +--------+--------+--------+--------+--------+-----+--------+
         Total |  29999 |  27157 |   2842 |   2608 |  12096 |  27 | 1111.1 |
       Dungeon |  14427 |  13507 |    920 |   2025 |   6718 |  14 | 1030.5 |
        Temple |     90 |     62 |     28 |      0 |     56 |   1 |   90.0 |
          Lair |   9419 |   8090 |   1329 |    424 |   3457 |   6 | 1569.8 |
     Snake Pit |   3309 |   3294 |     15 |     21 |   1236 |   4 |  827.2 |
  Orcish Mines |   2752 |   2203 |    549 |    138 |    626 |   2 | 1376.0 |
               +--------+--------+--------+--------+--------+-----+--------+

Top non-repeatable levels by time:
     D:1: 2257 daAuts
  Lair:5: 2160 daAuts
  Lair:6: 2151 daAuts
     D:4: 1783 daAuts
  Lair:2: 1708 daAuts
   Orc:2: 1480 daAuts
     D:8: 1283 daAuts
   Orc:1: 1272 daAuts
     D:6: 1230 daAuts
     D:9: 1208 daAuts
  Lair:4: 1148 daAuts
     D:3: 1134 daAuts
  Lair:3: 1132 daAuts
     D:5: 1120 daAuts
  Lair:1: 1119 daAuts
